[Event "FIDE World Rapid-ch Open 2018"]
[White "Yu, Yangyi"]
[Black "Artemiev, Vladislav"]
[Site "St. Petersburg"]
[Round "10.2"]
[Annotator "RC"]
[Result "1/2-1/2"]
[Date "2018.12.27"]
[WhiteElo "2764"]
[BlackElo "2709"]
[PlyCount "25"]
[TimeControl "900+10"]

1. d4 Nf6 2. c4 g6 3. Nc3 d5 4. cxd5 Nxd5 5. e4 Nxc3 6. bxc3 Bg7 7. Nf3 c5 8. Be3 0-0 9. Be2 b6 10. Rc1 e6 11. 0-0 Bb7 12. Qd3 Nd7 13. Bg5 1/2-1/2

[Event "FIDE World Rapid-ch Open 2018"]
[White "Matlakov, Maxim"]
[Black "Mamedyarov, Shakhriyar"]
[Site "St. Petersburg"]
[Round "10.4"]
[Annotator "RC"]
[Result "1-0"]
[Date "2018.12.27"]
[WhiteElo "2700"]
[BlackElo "2817"]
[PlyCount "65"]
[TimeControl "900+10"]

1. d4 Nf6 2. c4 b6 3. f3 Bb7 4. e4 e6 5. Nc3 d5 6. cxd5 exd5 7. e5 Nfd7 8. f4 c5 9. Nf3 Nc6 10. Be3 cxd4 11. Nxd4 Bc5 12. Bb5 Nxd4 13. Bxd4 0-0 14. 0-0 Rc8 15. Qd2 a6 16. Be2 b5 17. Bf3 Bxd4+ 18. Qxd4 Rc4 19. Qa7 d4 20. Qxb7 dxc3 21. bxc3 Nc5 22. Qd5 Qa5 23. Rad1 Qxc3 24. f5 Qe3+ 25. Kh1 Ne4 26. e6 Nf6 27. exf7+ Rxf7 28. Qa8+ Rf8 29. Qxa6 Qc5 30. Be2 Rb4 31. Qe6+ Kh8 32. Rc1 Qa7 33. Qd6 1-0

[Event "FIDE World Rapid-ch Open 2018"]
[White "Svidler, Peter"]
[Black "Andreikin, Dmitry"]
[Site "St. Petersburg"]
[Round "10.5"]
[Annotator "RC"]
[Result "0-1"]
[Date "2018.12.27"]
[WhiteElo "2737"]
[BlackElo "2719"]
[PlyCount "58"]
[TimeControl "900+10"]

1. Nf3 Nf6 2. c4 b6 3. g3 Bb7 4. Bg2 g6 5. 0-0 c5 6. e3 Bg7 7. d4 0-0 8. Nc3 Ne4 9. Ne2 Nc6 10. Nf4 e6 11. Re1 f5 12. d5 exd5 13. Nxd5 Ne7 14. Nf4 Qc7 15. a4 g5 16. Nh5 g4 17. Nh4 Ng6 18. Nxg7 Nxh4 19. gxh4 Kxg7 20. Qc2 Rf6 21. b3 Rh6 22. Bb2+ Kf7 23. Bxe4 Bxe4 24. Qc3 Rg8 25. a5 Qxh2+ 26. Kxh2 Rxh4+ 27. Kg3 Rh3+ 28. Kf4 Rf3+ 29. Ke5 Rg6 0-1

[Event "FIDE World Rapid-ch Open 2018"]
[White "Korobov, Anton"]
[Black "Gelfand, Boris"]
[Site "St. Petersburg"]
[Round "10.6"]
[Annotator "ChessBase"]
[Result "1/2-1/2"]
[Date "2018.12.27"]
[WhiteElo "2698"]
[BlackElo "2673"]
[PlyCount "41"]
[TimeControl "900+10"]

1. d4 Nf6 2. c4 e6 3. Nf3 d5 4. Nc3 c6 5. e3 Nbd7 6. a3 Bd6 7. Bd3 0-0 8. 0-0 h6 9. Bd2 Re8 10. Qc2 dxc4 11. Bxc4 e5 12. dxe5 Nxe5 13. Nxe5 Bxe5 14. h3 Bf5 15. Qxf5 Qxd2 16. Rab1 Qd7 17. Qc2 Rad8 18. Rfd1 Qe7 19. Ne2 Rxd1+ 20. Rxd1 Rd8 21. Rxd8+ {[%emt 0:0:0] Bd6} 1/2-1/2

[Event "FIDE World Rapid-ch Open 2018"]
[White "Oparin, Grigoriy"]
[Black "Giri, Anish"]
[Site "St. Petersburg"]
[Round "10.7"]
[Annotator "RC"]
[Result "1/2-1/2"]
[Date "2018.12.27"]
[WhiteElo "2613"]
[BlackElo "2783"]
[PlyCount "50"]
[TimeControl "900+10"]

1. Nf3 d5 2. g3 g6 3. Bg2 Bg7 4. d4 Nf6 5. 0-0 0-0 6. c4 c6 7. b3 dxc4 8. bxc4 c5 9. Bb2 cxd4 10. Nxd4 Qb6 11. Qc1 Bd7 12. Nd2 Nc6 13. N2b3 Nxd4 14. Bxd4 Qc7 15. c5 Bc6 16. Bxc6 Qxc6 17. Rb1 Qa4 18. Qb2 Rfd8 19. e3 Rac8 20. Nd2 Rc7 21. Rfc1 h5 22. h4 Qd7 23. Nf3 Qf5 24. Ng5 Rcd7 25. Qc2 Qxc2 1/2-1/2

[Event "FIDE World Rapid-ch Open 2018"]
[White "Firouzja, Alireza"]
[Black "Dubov, Daniil"]
[Site "St. Petersburg"]
[Round "10.8"]
[Annotator "ChessBase"]
[Result "0-1"]
[Date "2018.12.27"]
[WhiteElo "2607"]
[BlackElo "2703"]
[PlyCount "100"]
[TimeControl "900+10"]

1. Nf3 Nf6 2. g3 g6 3. Bg2 Bg7 4. c4 0-0 5. Nc3 c5 6. d4 d6 7. 0-0 Nc6 8. dxc5 dxc5 9. Bf4 Nh5 10. Bg5 h6 11. Be3 Be6 12. Qc1 Kh7 13. Rd1 Qa5 14. Nd5 Rac8 15. Nd2 b6 16. a3 Qa6 17. h3 Rfd8 18. g4 Bxd5 19. Bxd5 Nf6 20. Bg2 Nd4 21. Bxd4 cxd4 22. Qc2 Rc7 23. Rac1 Qc8 24. Ne4 Nd5 25. c5 bxc5 26. Nxc5 Nf4 27. b4 d3 28. exd3 Bd4 29. Qd2 Nxg2 30. Kxg2 Bxc5 31. bxc5 Rxc5 32. Qf4 Kg7 33. d4 Qb7+ 34. Kh2 Rcd5 35. Rc7 Qb8 36. Qg3 e5 37. Rc4 Qb5 38. Rb4 Qd7 39. Rc1 exd4 40. Rc7 Qe6 41. Rbb7 R8d7 42. Rxa7 Rxc7 43. Rxc7 d3 44. Rc1 d2 45. Rd1 Qe2 46. Qg1 Rd3 47. a4 Qe5+ 48. Kh1 Qe4+ 49. Qg2 Rxh3+ 50. Kg1 Qe2 0-1

[Event "FIDE World Rapid-ch Open 2018"]
[White "Salem, A.R. Saleh"]
[Black "Nakamura, Hikaru"]
[Site "St. Petersburg"]
[Round "10.9"]
[Annotator "RC"]
[Result "1/2-1/2"]
[Date "2018.12.27"]
[WhiteElo "2660"]
[BlackElo "2746"]
[PlyCount "61"]
[TimeControl "900+10"]

1. e4 e5 2. Nf3 Nc6 3. Bb5 Nf6 4. d3 Bc5 5. c3 0-0 6. 0-0 d5 7. exd5 Qxd5 8. Bc4 Qd6 9. b4 Bb6 10. Nbd2 Bf5 11. Qc2 Rad8 12. a4 a5 13. b5 Ne7 14. Qb3 Ng6 15. Ba3 Bc5 16. Bxc5 Qxc5 17. d4 exd4 18. cxd4 Qd6 19. Rfe1 Nf4 20. Re5 Bg6 21. Rae1 Qb4 22. g3 Ne6 23. Qxb4 axb4 24. Nb3 Nd7 25. R5e3 Nb6 26. Bxe6 fxe6 27. Ng5 Nd5 28. R3e2 Nc3 29. Re3 Nd5 30. R3e2 Nc3 31. Re3 1/2-1/2

[Event "FIDE World Rapid-ch Open 2018"]
[White "Motylev, Alexander"]
[Black "Karjakin, Sergey"]
[Site "St. Petersburg"]
[Round "10.10"]
[Annotator "RC"]
[Result "1/2-1/2"]
[Date "2018.12.27"]
[WhiteElo "2644"]
[BlackElo "2753"]
[PlyCount "49"]
[TimeControl "900+10"]

1. e4 e5 2. Nf3 Nc6 3. Nc3 Nf6 4. d4 exd4 5. Nxd4 Bb4 6. Nxc6 bxc6 7. Bd3 0-0 8. 0-0 d5 9. Bd2 Rb8 10. Re1 Re8 11. a3 Bf8 12. b4 h6 13. h3 dxe4 14. Nxe4 Nxe4 15. Bxe4 c5 16. Bf4 Qxd1 17. Raxd1 Bb7 18. Bxb7 Rxe1+ 19. Rxe1 Rxb7 20. Re8 cxb4 21. axb4 Rxb4 22. Bxc7 Rd4 23. Ra8 f6 24. Rxa7 Rc4 25. Bb6 1/2-1/2

[Event "FIDE World Rapid-ch Open 2018"]
[White "Duda, Jan-Krzysztof"]
[Black "Harikrishna, Pentala"]
[Site "St. Petersburg"]
[Round "10.11"]
[Annotator "RC"]
[Result "1/2-1/2"]
[Date "2018.12.27"]
[WhiteElo "2738"]
[BlackElo "2725"]
[PlyCount "173"]
[TimeControl "900+10"]

1. c4 e5 2. Nc3 Nf6 3. Nf3 Nc6 4. e3 Bb4 5. Qc2 Bxc3 6. Qxc3 Qe7 7. d4 Ne4 8. Qd3 exd4 9. Nxd4 0-0 10. Be2 Qb4+ 11. Kf1 Nxd4 12. Qxd4 Qe7 13. f3 Nc5 14. Bd2 d6 15. Bc3 f5 16. Kf2 a5 17. Rhe1 Bd7 18. b3 Bc6 19. Bf1 b6 20. Kg1 Rae8 21. Rab1 Qg5 22. Qf4 Qxf4 23. exf4 Rxe1 24. Bxe1 Re8 25. Kf2 g6 26. Bd2 Kf7 27. Be2 Re7 28. Be3 Re8 29. Rb2 Ra8 30. Rd2 Re8 31. Bd1 Rd8 32. a3 Ne6 33. Be2 d5 34. cxd5 Rxd5 35. Bc4 Rxd2+ 36. Bxd2 Bd7 37. Ke3 Ke7 38. Bc3 a4 39. b4 b5 40. Bd3 c6 41. Be5 Nd8 42. h3 Bc8 43. g4 Bd7 44. Bd4 Nb7 45. Bb6 Ke6 46. Bb1 Nd6 47. Kd4 Nc4 48. Ba2 Kd6 49. Bc5+ Kc7 50. Bxc4 bxc4 51. Kxc4 Be6+ 52. Kd4 Bb3 53. Ke5 Bc2 54. Ke6 Bd3 55. h4 Kd8 56. Kf6 Ke8 57. g5 Be2 58. h5 gxh5 59. Kg7 h4 60. Kxh7 h3 61. Bg1 Ke7 62. g6 Bxf3 63. Bh2 Bd5 64. g7 Kd6 65. Kg6 Bg8 66. Kxf5 c5 67. bxc5+ Kxc5 68. Ke5 Kc6 69. Kd4 Bb3 70. Kc3 Kd7 71. Kb4 Ke7 72. g8=Q Bxg8 73. Kxa4 Kd7 74. Kb5 Kc7 75. f5+ Kb7 76. f6 Bf7 77. a4 Ka8 78. Kb6 Be6 79. Kc7 Bf7 80. Kd6 Ba2 81. Ke7 Bb3 82. f7 Bxf7 83. Kxf7 Kb7 84. Kg6 Ka6 85. Kg5 Ka5 86. Kg4 Kxa4 87. Kxh3 1/2-1/2

[Event "FIDE World Rapid-ch Open 2018"]
[White "Zubov, Alexander"]
[Black "Kamsky, Gata"]
[Site "St. Petersburg"]
[Round "10.12"]
[Annotator "ChessBase"]
[Result "1/2-1/2"]
[Date "2018.12.27"]
[WhiteElo "2597"]
[BlackElo "2666"]
[PlyCount "99"]
[TimeControl "900+10"]

1. d4 d5 2. c4 c6 3. Nf3 Nf6 4. Qb3 g6 5. e3 Bg7 6. Nc3 0-0 7. Be2 e6 8. 0-0 Nbd7 9. Rd1 a6 10. a4 a5 11. Qc2 Re8 12. b3 b6 13. cxd5 exd5 14. Ba3 Bb7 15. Rac1 Bh6 16. Bf1 Ne4 17. Nxe4 Rxe4 18. g3 Bf8 19. Bxf8 Qxf8 20. Qb2 Qd6 21. Rc2 Re7 22. Rb1 Re6 23. Bh3 f5 24. Bg2 h6 25. Rcc1 g5 26. b4 axb4 27. Qxb4 Qxb4 28. Rxb4 Ba6 29. Ne5 Nxe5 30. dxe5 Bc4 31. f4 Kf7 32. e4 gxf4 33. gxf4 fxe4 34. Bxe4 dxe4 35. Rbxc4 c5 36. Rf1 Rg6+ 37. Kh1 e3 38. Re4 Rg4 39. Rf3 e2 40. Rxe2 Rxa4 41. Ref2 Ra1+ 42. Rf1 Rxf1+ 43. Rxf1 Ke6 44. h3 Rg8 45. Rg1 Rxg1+ 46. Kxg1 b5 47. Kf2 b4 48. Ke3 b3 49. Kd3 c4+ 50. Kc3 {[%emt 0:0:1] Kxe5} 1/2-1/2

[Event "FIDE World Rapid-ch Open 2018"]
[White "Sargissian, Gabriel"]
[Black "Guseinov, Gadir"]
[Site "St. Petersburg"]
[Round "10.13"]
[Annotator "ChessBase"]
[Result "1/2-1/2"]
[Date "2018.12.27"]
[WhiteElo "2689"]
[BlackElo "2664"]
[PlyCount "59"]
[TimeControl "900+10"]

1. d4 Nf6 2. Nf3 g6 3. Bg5 Bg7 4. e3 d6 5. Be2 0-0 6. 0-0 Nbd7 7. a4 b6 8. Nbd2 a6 9. Bd3 e5 10. c3 h6 11. Bh4 Qe8 12. e4 Nh5 13. Re1 Nf4 14. Bf1 Nf6 15. Qc2 N6h5 16. dxe5 dxe5 17. Nc4 Bg4 18. Nfd2 Qc6 19. Ne3 Be6 20. Bc4 b5 21. Bxe6 Qxe6 22. b4 Bf6 23. Bxf6 Nxf6 24. Nb3 Qc6 25. Nc5 Ne6 26. Nd5 Nxd5 27. exd5 Qxd5 28. Rad1 Qc6 29. Rxe5 Rfe8 30. axb5 1/2-1/2

[Event "FIDE World Rapid-ch Open 2018"]
[White "Anand, Viswanathan"]
[Black "Potkin, Vladimir"]
[Site "St. Petersburg"]
[Round "10.14"]
[Annotator "RC"]
[Result "1-0"]
[Date "2018.12.27"]
[WhiteElo "2773"]
[BlackElo "2597"]
[PlyCount "81"]
[TimeControl "900+10"]

1. e4 e5 2. Nf3 Nc6 3. Bb5 Nf6 4. d3 Bc5 5. Bxc6 dxc6 6. 0-0 Nd7 7. Be3 Bd6 8. Nbd2 0-0 9. Nc4 c5 10. Nxd6 cxd6 11. Nd2 Qe7 12. f4 exf4 13. Bxf4 Ne5 14. Qe1 Ng6 15. Bg3 Be6 16. a4 Rad8 17. b3 d5 18. exd5 Bxd5 19. Qxe7 Nxe7 20. Nc4 Bxc4 21. bxc4 Nc6 22. a5 Nd4 23. Rf2 Rfe8 24. Kf1 Re6 25. Rd2 Nc6 26. Bf2 Re5 27. Re2 Rde8 28. Rxe5 Rxe5 29. Rb1 Nxa5 30. Be1 Nc6 31. Rxb7 h5 32. Bc3 Rf5+ 33. Ke2 a5 34. Rc7 Nb4 35. Ra7 Nxc2 36. Rxa5 h4 37. d4 Rg5 38. dxc5 Rxg2+ 39. Kd3 Kf8 40. c6 Ke7 41. Rc5 1-0

[Event "FIDE World Rapid-ch Open 2018"]
[White "Timofeev, Artyom"]
[Black "Sjugirov, Sanan"]
[Site "St. Petersburg"]
[Round "10.15"]
[Annotator "ChessBase"]
[Result "1-0"]
[Date "2018.12.27"]
[WhiteElo "2589"]
[BlackElo "2663"]
[PlyCount "103"]
[TimeControl "900+10"]

1. c4 c5 2. g3 g6 3. Bg2 Bg7 4. Nc3 Nc6 5. e3 Nh6 6. Nge2 Nf5 7. 0-0 d6 8. b3 0-0 9. Bb2 Bd7 10. d3 a6 11. Qd2 Rb8 12. Nd5 Bxb2 13. Qxb2 b5 14. Qd2 a5 15. Rfd1 Re8 16. cxb5 Rxb5 17. d4 cxd4 18. exd4 Rb8 19. Ndf4 Nb4 20. Rac1 e6 21. a3 Na6 22. Rb1 Qb6 23. Bh3 Ne7 24. d5 Nc5 25. dxe6 Nxe6 26. Nxe6 Bxe6 27. Bxe6 fxe6 28. Qxd6 Nd5 29. Qxb6 Rxb6 30. b4 axb4 31. axb4 Reb8 32. b5 Rxb5 33. Rxb5 Rxb5 34. Nd4 Rb6 35. Nxe6 Rxe6 36. Rxd5 Re7 37. g4 Kg7 38. Kg2 Ra7 39. Kg3 Rb7 40. h4 Ra7 41. h5 Rb7 42. f4 gxh5 43. Rxh5 Rb1 44. Ra5 Rb4 45. Ra7+ Kg8 46. g5 Rb6 47. f5 Rb4 48. f6 Rc4 49. Ra8+ Kf7 50. Rh8 Kg6 51. Rg8+ Kf7 52. Rg7+ 1-0

[Event "FIDE World Rapid-ch Open 2018"]
[White "Khanin, Semen"]
[Black "Anton Guijarro, David"]
[Site "St. Petersburg"]
[Round "10.16"]
[Annotator "ChessBase"]
[Result "0-1"]
[Date "2018.12.27"]
[WhiteElo "2514"]
[BlackElo "2642"]
[PlyCount "74"]
[TimeControl "900+10"]

1. e4 e5 2. Nf3 Nc6 3. Bb5 a6 4. Ba4 Nf6 5. 0-0 Nxe4 6. d4 b5 7. Bb3 d5 8. dxe5 Be6 9. Nbd2 Be7 10. c3 0-0 11. Bc2 f5 12. Nb3 Qd7 13. Qe1 Bf7 14. Nfd4 Nxe5 15. f3 Bg6 16. fxe4 fxe4 17. Bf4 Nc4 18. Rb1 Rf7 19. Nd2 Raf8 20. Nxc4 bxc4 21. Qd2 c5 22. Ne2 d4 23. cxd4 cxd4 24. Nxd4 Bb4 25. Qe3 Bc5 26. Rbd1 Rd8 27. Be5 Re7 28. Qg3 Rxe5 29. Qxe5 Bxd4+ 30. Rxd4 Qxd4+ 31. Qxd4 Rxd4 32. Rf4 Rd2 33. Ba4 Rxb2 34. Bc6 Rd2 35. Kf1 c3 36. Ba4 h5 37. Bb3+ Kh7 0-1

[Event "FIDE World Rapid-ch Open 2018"]
[White "Saric, Ivan"]
[Black "Akopian, Vladimir"]
[Site "St. Petersburg"]
[Round "10.17"]
[Annotator "ChessBase"]
[Result "1-0"]
[Date "2018.12.27"]
[WhiteElo "2695"]
[BlackElo "2650"]
[PlyCount "87"]
[TimeControl "900+10"]

1. e4 e5 2. Nf3 Nc6 3. Bb5 a6 4. Ba4 Nf6 5. 0-0 Be7 6. Re1 b5 7. Bb3 d6 8. c3 0-0 9. h3 Na5 10. Bc2 c5 11. d4 Qc7 12. Nbd2 cxd4 13. cxd4 Nc6 14. Nb3 a5 15. Be3 a4 16. Nbd2 Bd7 17. Rc1 Qb7 18. a3 Rfe8 19. Bd3 exd4 20. Nxd4 Ne5 21. Bb1 b4 22. f4 Ng6 23. Qf3 bxa3 24. bxa3 Rac8 25. Rxc8 Rxc8 26. Nf5 Bf8 27. Bd4 Bxf5 28. exf5 Qxf3 29. Nxf3 Nxf4 30. Kh2 N4d5 31. Bd3 Nf4 32. Bf1 Rc2 33. Rb1 Ra2 34. Bb2 d5 35. Be5 N4h5 36. Rb7 Rxa3 37. Ra7 Ne4 38. Bb5 Nhf6 39. Ra8 Rb3 40. Nd4 Rb1 41. Ne6 fxe6 42. fxe6 Ng5 43. e7 Ne6 44. Bxf6 1-0

[Event "FIDE World Rapid-ch Open 2018"]
[White "Goganov, Aleksey"]
[Black "Cheparinov, Ivan"]
[Site "St. Petersburg"]
[Round "10.18"]
[Annotator "ChessBase"]
[Result "1/2-1/2"]
[Date "2018.12.27"]
[WhiteElo "2612"]
[BlackElo "2709"]
[PlyCount "50"]
[TimeControl "900+10"]

1. d4 Nf6 2. c4 e6 3. Nf3 d5 4. g3 Be7 5. Bg2 0-0 6. Nc3 dxc4 7. Ne5 Qd6 8. Nxc4 Qa6 9. Qb3 Nc6 10. e3 Rb8 11. 0-0 b5 12. Nd2 Na5 13. Qc2 c5 14. dxc5 Bxc5 15. Nde4 Nxe4 16. Nxe4 Be7 17. b3 Bb7 18. Qc7 Bxe4 19. Bxe4 Bf6 20. Rb1 Rbc8 21. Qf4 Nb7 22. Bb2 Bxb2 23. Rxb2 Nc5 24. Rd2 Nxe4 25. Qxe4 Qc6 1/2-1/2

[Event "FIDE World Rapid-ch Open 2018"]
[White "Alekseev, Evgeny"]
[Black "Fedoseev, Vladimir"]
[Site "St. Petersburg"]
[Round "10.19"]
[Annotator "RC"]
[Result "1-0"]
[Date "2018.12.27"]
[WhiteElo "2639"]
[BlackElo "2719"]
[PlyCount "109"]
[TimeControl "900+10"]

1. e4 c5 2. Nf3 d6 3. d4 cxd4 4. Nxd4 Nf6 5. Nc3 a6 6. a3 b5 7. f3 g6 8. Be3 Bg7 9. Qd2 h5 10. a4 b4 11. Na2 a5 12. c3 bxc3 13. Bb5+ Bd7 14. Nxc3 0-0 15. Qe2 e5 16. Nc2 Nc6 17. Rd1 Qb8 18. 0-0 Rc8 19. Rd2 Be6 20. Qf2 Bf8 21. Qh4 Nh7 22. Nd5 Bxd5 23. Rxd5 Ne7 24. Rd2 d5 25. exd5 Nf5 26. Qf2 Qd6 27. Kh1 Rab8 28. Rfd1 Nf6 29. Bg5 Ne8 30. Na3 Qb4 31. Nc2 Qb3 32. Na1 Qb4 33. Nc2 Qd6 34. Na3 Nd4 35. Be3 Bg7 36. Nc4 Qb4 37. Bxd4 exd4 38. Na3 Qb3 39. Nc2 d3 40. Nd4 Qxd5 41. Rxd3 Qc5 42. Qd2 Nd6 43. Nb3 Qf5 44. Rxd6 Rc2 45. Qd3 Qc8 46. Rd8+ Qxd8 47. Qxd8+ Rxd8 48. Rxd8+ Bf8 49. Rd2 Rc8 50. g3 Bb4 51. Re2 Kg7 52. Kg2 Rd8 53. Nc1 Rd1 54. Nd3 Bd6 55. f4 1-0

[Event "FIDE World Rapid-ch Open 2018"]
[White "Jakovenko, Dmitry"]
[Black "Tari, Aryan"]
[Site "St. Petersburg"]
[Round "10.21"]
[Annotator "RC"]
[Result "1-0"]
[Date "2018.12.27"]
[WhiteElo "2735"]
[BlackElo "2620"]
[PlyCount "47"]
[TimeControl "900+10"]

1. Nf3 Nf6 2. c4 c5 3. Nc3 d5 4. cxd5 Nxd5 5. e3 Nxc3 6. bxc3 g6 7. Bb5+ Bd7 8. Be2 Bg7 9. 0-0 0-0 10. d4 Qa5 11. Qb3 Bc6 12. Bd2 Rd8 13. Rac1 Qc7 14. Rfd1 b6 15. a4 e6 16. c4 cxd4 17. Nxd4 Qd7 18. Nxc6 Nxc6 19. c5 Ne5 20. c6 Nxc6 21. Bc3 Qc7 22. Bxg7 Rxd1+ 23. Bxd1 Kxg7 24. Bf3 1-0

[Event "FIDE World Rapid-ch Open 2018"]
[White "Zhigalko, Sergei"]
[Black "Vitiugov, Nikita"]
[Site "St. Petersburg"]
[Round "10.22"]
[Annotator "RC"]
[Result "1-0"]
[Date "2018.12.27"]
[WhiteElo "2604"]
[BlackElo "2719"]
[PlyCount "95"]
[TimeControl "900+10"]

1. e4 e6 2. d4 d5 3. e5 c5 4. c3 Nc6 5. Nf3 Qb6 6. a3 c4 7. Nbd2 Na5 8. Be2 Bd7 9. 0-0 Ne7 10. Rb1 Qc7 11. h4 h6 12. h5 Nc8 13. Qe1 Nb6 14. Bd1 0-0-0 15. Nh4 Be7 16. f4 Rhg8 17. Bc2 Kb8 18. Ndf3 Qc8 19. Qg3 f5 20. exf6 gxf6 21. Ng6 Bd6 22. Qh4 f5 23. Nfe5 Be8 24. Bd2 Nb3 25. Be3 Qc7 26. Rf2 Nd7 27. Rbf1 Bxg6 28. Nxg6 Nf8 29. Ne5 Nh7 30. Ng6 Nf8 31. Ne5 Nh7 32. Ng6 Qf7 33. g4 fxg4 34. f5 g3 35. Rg2 exf5 36. Bxh6 Ka8 37. Bxf5 Rde8 38. Ne5 Bxe5 39. dxe5 Qc7 40. Bg6 Qb6+ 41. Kh1 Rxg6 42. hxg6 Qxg6 43. Rxg3 Qc6 44. Kg1 a5 45. Be3 Nf8 46. Rg8 Ne6 47. Qh8 Nc7 48. Rff8 1-0

[Event "FIDE World Rapid-ch Open 2018"]
[White "Jobava, Baadur"]
[Black "Alekseenko, Kirill"]
[Site "St. Petersburg"]
[Round "10.23"]
[Annotator "ChessBase"]
[Result "0-1"]
[Date "2018.12.27"]
[WhiteElo "2627"]
[BlackElo "2638"]
[PlyCount "84"]
[TimeControl "900+10"]

1. b3 d5 2. Bb2 Bf5 3. e3 e6 4. Nc3 Nf6 5. Nge2 c5 6. Ng3 Bg6 7. Bb5+ Nc6 8. Nce2 Bd6 9. h4 h6 10. Nf4 0-0 11. Bxc6 bxc6 12. Qe2 Bh7 13. 0-0-0 e5 14. Nh3 a5 15. Ng5 Bg6 16. h5 Nxh5 17. Nxh5 Qxg5 18. g4 f5 19. Nxg7 fxg4 20. Rdg1 Kxg7 21. Rxg4 Qf5 22. d3 Qxf2 23. Rxg6+ Kxg6 24. Qg4+ Kf7 25. Qd7+ Be7 26. Qxc6 Rad8 27. Kb1 Rg8 28. Rxh6 Rg1+ 29. Bc1 Qf1 30. Qe6+ Kg7 31. Rg6+ Rxg6 32. Qxe7+ Qf7 33. Qxd8 a4 34. Qb8 Qe7 35. Qa8 Qd7 36. Qa5 Qc6 37. Qa7+ Kf6 38. Ba3 Rg1+ 39. Kb2 c4 40. dxc4 dxc4 41. bxa4 c3+ 42. Kb3 Rb1+ 0-1

[Event "FIDE World Rapid-ch Open 2018"]
[White "Ragger, Markus"]
[Black "Bocharov, Dmitry"]
[Site "St. Petersburg"]
[Round "10.24"]
[Annotator "ChessBase"]
[Result "1/2-1/2"]
[Date "2018.12.27"]
[WhiteElo "2687"]
[BlackElo "2533"]
[PlyCount "156"]
[TimeControl "900+10"]

1. e4 c5 2. Nf3 d6 3. d4 cxd4 4. Nxd4 Nf6 5. Nc3 a6 6. g3 g6 7. Bg2 Bg7 8. 0-0 0-0 9. h3 Nc6 10. Be3 Bd7 11. Nd5 Ne5 12. b3 e6 13. Nxf6+ Bxf6 14. c4 Qc7 15. Qd2 Rfd8 16. Rfd1 Be8 17. Bg5 Qe7 18. Bxf6 Qxf6 19. Qb4 Rab8 20. f4 Nc6 21. Nxc6 Bxc6 22. Qb6 e5 23. Rf1 exf4 24. gxf4 Re8 25. Rae1 Re7 26. e5 dxe5 27. Bxc6 Rc8 28. Rxe5 Rxe5 29. Qxb7 Ree8 30. Bxe8 Qd4+ 31. Kg2 Rxe8 32. Rf2 Re3 33. f5 Qe5 34. Qc8+ Kg7 35. f6+ Kh6 36. Qg4 Re4 37. Qg3 Qe6 38. c5 g5 39. Kh2 Qd5 40. Qc3 Rd4 41. c6 Qd6+ 42. Qg3 Qxc6 43. Qg2 Qd6+ 44. Qg3 Qd5 45. Qb8 Rd1 46. Rg2 Kh5 47. Qg3 Rd4 48. Qb8 Qd6+ 49. Qxd6 Rxd6 50. b4 Rd3 51. Rg3 Rd2+ 52. Rg2 Rd1 53. Rg1 Rd4 54. Rg4 Rd5 55. a4 Kg6 56. Rc4 Rd2+ 57. Kg3 Rb2 58. Rc6 Rxb4 59. Rxa6 h5 60. a5 Kf5 61. Rb6 Ra4 62. a6 Ra3+ 63. Kg2 Ra4 64. Kg3 Ra2 65. Kf3 h4 66. Rc6 Ra3+ 67. Kg2 Ke5 68. Rb6 Kf5 69. Rc6 Kg6 70. Rb6 Kf5 71. Rc6 Ra5 72. Rb6 Ra4 73. Rc6 g4 74. hxg4+ Kxg4 75. Rb6 h3+ 76. Kh2 Ra2+ 77. Kh1 Kf4 78. Rb7 Rxa6 1/2-1/2

[Event "FIDE World Rapid-ch Open 2018"]
[White "Fridman, Daniel"]
[Black "Rakhmanov, Aleksandr"]
[Site "St. Petersburg"]
[Round "10.25"]
[Annotator "ChessBase"]
[Result "1/2-1/2"]
[Date "2018.12.27"]
[WhiteElo "2633"]
[BlackElo "2629"]
[PlyCount "40"]
[TimeControl "900+10"]

1. d4 Nf6 2. Nf3 g6 3. g3 Bg7 4. Bg2 0-0 5. c4 c6 6. 0-0 d5 7. Nbd2 Bf5 8. b3 Ne4 9. Bb2 Nd7 10. e3 Nxd2 11. Nxd2 Nf6 12. Qe2 Qd7 13. Rfc1 Rfc8 14. Nf3 Bg4 15. Qf1 Bxf3 16. Bxf3 e6 17. Qd3 Ne8 18. Rc2 Nd6 19. Rac1 Re8 20. Ba3 Bf8 1/2-1/2

[Event "FIDE World Rapid-ch Open 2018"]
[White "Predke, Alexandr"]
[Black "Riazantsev, Alexander"]
[Site "St. Petersburg"]
[Round "10.26"]
[Annotator "ChessBase"]
[Result "1/2-1/2"]
[Date "2018.12.27"]
[WhiteElo "2622"]
[BlackElo "2649"]
[PlyCount "111"]
[TimeControl "900+10"]

1. e4 e6 2. d4 d5 3. e5 c5 4. c3 Nc6 5. Nf3 Qb6 6. Na3 Bd7 7. Nc2 cxd4 8. cxd4 Rc8 9. Be2 Nb4 10. Ne3 Bb5 11. 0-0 Bxe2 12. Qxe2 Qa6 13. Qxa6 Nxa6 14. Bd2 Bb4 15. Rfc1 Ne7 16. Rxc8+ Nxc8 17. Rc1 Kd7 18. a3 Be7 19. Kf1 Nb6 20. Ke2 Nb8 21. h4 h5 22. g3 Nc6 23. Kd3 a5 24. Ng1 f6 25. f4 f5 26. Ne2 a4 27. Nc3 Ra8 28. Nb5 Ra6 29. Rc2 Nc8 30. Nd1 N8a7 31. Nxa7 Nxa7 32. Nc3 b5 33. Na2 Nc6 34. Bb4 Bxb4 35. axb4 Kc7 36. Rc3 Kb6 37. Ke3 Ra8 38. Rd3 Rh8 39. Rc3 Rh6 40. Rd3 Kb7 41. Kf2 Rh8 42. Ke3 Ra8 43. Rc3 Kb6 44. Ra3 Rc8 45. Rc3 Rc7 46. Rc5 Na7 47. Rxc7 Kxc7 48. Kd3 Nc8 49. Nc3 Kc6 50. Nd1 Nb6 51. Kc3 Nc4 52. Kc2 Kb6 53. Kc3 Kc6 54. Kc2 Kb6 55. Kc3 Kc6 56. Kc2 1/2-1/2

[Event "FIDE World Rapid-ch Open 2018"]
[White "Petrosian, Tigran L."]
[Black "Khusnutdinov, Rustam"]
[Site "St. Petersburg"]
[Round "10.27"]
[Annotator "ChessBase"]
[Result "1/2-1/2"]
[Date "2018.12.27"]
[WhiteElo "2598"]
[BlackElo "2470"]
[PlyCount "92"]
[TimeControl "900+10"]

1. Nf3 c5 2. g3 Nc6 3. Bg2 g6 4. c4 Bg7 5. Nc3 Nf6 6. d4 cxd4 7. Nxd4 0-0 8. 0-0 Qa5 9. e3 Ne5 10. Qe2 d6 11. Bd2 Bg4 12. f3 Bd7 13. Nd5 Qd8 14. Nxf6+ Bxf6 15. b3 Rc8 16. Rac1 Nc6 17. Bc3 Nxd4 18. Bxd4 Bxd4 19. exd4 e6 20. b4 b6 21. f4 Qf6 22. Qe3 Rc7 23. Rc3 Rfc8 24. Rfc1 Bc6 25. Bxc6 Rxc6 26. b5 R6c7 27. a4 h5 28. Kg2 h4 29. g4 d5 30. g5 Qd8 31. c5 bxc5 32. Rxc5 Rxc5 33. dxc5 d4 34. Qe4 Qa5 35. Rc4 Qd2+ 36. Kh3 d3 37. c6 Qd1 38. Rd4 Qf1+ 39. Qg2 Qa1 40. Rxd3 Qxa4 41. Qd2 Kh7 42. Rd7 Qb3+ 43. Kxh4 e5 44. Qd5 Qxd5 45. Rxd5 exf4 46. Rd7 a6 1/2-1/2

[Event "FIDE World Rapid-ch Open 2018"]
[White "Shirov, Alexei"]
[Black "Petrov, Nikita"]
[Site "St. Petersburg"]
[Round "10.28"]
[Annotator "ChessBase"]
[Result "1/2-1/2"]
[Date "2018.12.27"]
[WhiteElo "2643"]
[BlackElo "2593"]
[PlyCount "63"]
[TimeControl "900+10"]

1. e4 e5 2. Nf3 Nc6 3. Bb5 a6 4. Ba4 b5 5. Bb3 g6 6. a4 b4 7. d4 exd4 8. Nxd4 Na5 9. Bd5 c6 10. Ba2 Bg7 11. 0-0 Ne7 12. c3 Rb8 13. Bf4 d6 14. Nb3 Nc4 15. Qe2 Be6 16. Nd4 Bxd4 17. Bxc4 bxc3 18. bxc3 Bc5 19. Bh6 d5 20. exd5 Nxd5 21. Bxa6 Bd6 22. Bg7 Nf4 23. Qe4 Qh4 24. Qxc6+ Ke7 25. Re1 Rb2 26. Nd2 Rxd2 27. Qb7+ Kd8 28. Qa8+ Kc7 29. Qa7+ Kd8 30. Qa8+ Kc7 31. Qb7+ Kd8 32. Qa7 1/2-1/2

[Event "FIDE World Rapid-ch Open 2018"]
[White "Grachev, Boris"]
[Black "Bazeev, German"]
[Site "St. Petersburg"]
[Round "10.29"]
[Annotator "ChessBase"]
[Result "0-1"]
[Date "2018.12.27"]
[WhiteElo "2626"]
[BlackElo "2416"]
[PlyCount "120"]
[TimeControl "900+10"]

1. Nf3 Nf6 2. c4 e6 3. e3 b6 4. b3 Bb7 5. Bb2 g6 6. Be2 Bg7 7. 0-0 0-0 8. Nc3 d6 9. d4 Nbd7 10. Nd2 d5 11. Bf3 c6 12. Rc1 a6 13. g3 e5 14. cxd5 cxd5 15. Ne2 e4 16. Bg2 Re8 17. Ba3 a5 18. Nf4 Ba6 19. Re1 Nf8 20. Bf1 Bxf1 21. Rxf1 Qd7 22. Kg2 a4 23. Bb4 Bh6 24. bxa4 Bxf4 25. gxf4 Ne6 26. Kh1 Rxa4 27. a3 Raa8 28. Rg1 Ng7 29. Nf1 Nf5 30. Nd2 h5 31. Qf1 Rac8 32. Qg2 Rxc1 33. Rxc1 Rc8 34. Rg1 Rc2 35. h3 Kh7 36. Kh2 Ne8 37. Qg5 Neg7 38. Qf6 Rc6 39. Qg5 Ne6 40. Qg2 Rc2 41. Qf1 Qc7 42. Kh1 Qd7 43. Kh2 Rc8 44. Qe2 Rg8 45. Nf1 Kh6 46. f3 exf3 47. Qxf3 Qb5 48. Ng3 Neg7 49. Qf2 Re8 50. Nf1 Qd3 51. Qd2 Qe4 52. Rg2 Nh4 53. Rf2 Nf3+ 54. Rxf3 Qxf3 55. Kg1 Nf5 56. Qf2 Qxh3 57. Bd2 Qg4+ 58. Kh1 Qh4+ 59. Kg2 Qxf2+ 60. Kxf2 f6 0-1